 Dungeon Crawl Stone Soup version 0.26.0-18-gc5c842f807 (webtiles) character file.

Game seed: 1413394597656495375

14 hatsuma the Ogre Mage (level 2, 0/28 HPs)
             Began as an Ogre Hedge Wizard on Jan 22, 2021.
             Slain by a goblin
             ... wielding a +0 club
              (5 damage)
             ... on level 1 of the Dungeon.
             The game lasted 00:05:24 (689 turns).

hatsuma the Ogre Mage (Ogre Hedge Wizard)            Turns: 689, Time: 00:05:24

Health: 0/28       AC:  3    Str: 13    XL:     2   Next: 45%
Magic:  6/6        EV: 10    Int: 15    God:
Gold:   10         SH:  0    Dex:  8    Spells: 7/8 levels left

rFire    . . .     SeeInvis .   h - +0 club
rCold    . . .     Faith    .   (no shield)
rNeg     . . .     Spirit   .   b - +0 robe
rPois    .         Reflect  .   c - +0 hat
rElec    .         Harm     .   (no cloak)
rCorr    .         Rampage  .   (gloves unavailable)
Will     .....                  (boots unavailable)
Stlth    +.........             (no amulet)
HPRegen  0.09/turn              (no ring)
MPRegen  0.10/turn              (no ring)

@: no status effects
A: large, unfitting armour, tough skin 1
a: no special abilities


You were on level 1 of the Dungeon.
You visited 1 branch of the dungeon, and saw 1 of its levels.

You collected 10 gold pieces.

Inventory:

Hand Weapons
 a - a +0 dagger
 h - a +0 club (weapon)
Missiles
 f - 21 stones (quivered)
Armour
 b - a +0 robe (worn)
 c - a +0 hat (worn)
Scrolls
 e - a scroll of identify {unknown}
 i - a scroll of random uselessness {unknown}
 j - a scroll of teleportation {unknown}
 k - a scroll of amnesia {unknown}
Potions
 d - a potion of heal wounds
 g - a potion of resistance {unknown}


   Skills:
 - Level 2.0 Fighting
 + Level 0.3 Maces & Flails
 - Level 1.0 Throwing
 - Level 1.7 Dodging
 - Level 1.4 Stealth
 - Level 3.6 Spellcasting
 - Level 0.8 Conjurations
 - Level 0.8 Summonings
 - Level 0.8 Translocations


You had 7 spell levels left.
You knew the following spells:

 Your Spells              Type           Power        Failure   Level
a - Magic Dart            Conj           20%          13%         1

Your spell library contained the following spells:

 Spells                   Type           Power        Failure   Level
 Blink                    Tloc           N/A          21%         2
 Call Imp                 Summ           5%           21%         2
 Slow                     Hex            2%           28%         2
 Conjure Flame            Conj/Fire      4%           43%         3
 Mephitic Cloud           Conj/Pois/Air  3%           45%         3


Dungeon Overview and Level Annotations

Branches:
Dungeon (1/15)

Altars:


Innate Abilities, Weirdness & Mutations

You are too large for most types of armour.
You have tough skin. (AC +1)


Message History

The goblin barely misses you.
You hit the goblin but do no damage. The rat bites you.
The goblin hits you with a +0 club.
A goblin comes into view.
The rat bites you but does no damage.
You barely miss the goblin. The goblin hits you but does no damage.
The rat bites you.
* * * LOW HITPOINT WARNING * * *
You hit the goblin but do no damage. The goblin barely misses you.
The rat bites you but does no damage. The goblin barely misses you.
The goblin hits you with a +0 club.
* * * LOW HITPOINT WARNING * * *
You hit the rat.
You kill the rat!
You hit the goblin.
The goblin is almost dead.
The goblin drinks a potion.
The goblin is healed!
The goblin hits you with a +0 club.
You die...

########## . #######
#######).......#...
#.....########.@gbgKl......?....
#...............#g#######.#.#...
##......##..###..#.# #(# #
.'.................# #l......
##.......#.........# #...#..#
...................# ###..... .
.######.......##.#...........#..
.### #......#########.. ....#.#.
...# #.###†###.......# ##... .


You could see a leopard gecko, 3 goblins, a bat and a kobold.

Vanquished Creatures
  A dart slug (D:1)
  A giant cockroach (D:1)
  2 goblins (D:1)
  A hobgoblin (D:1)
  2 frilled lizards (D:1)
  3 kobolds (D:1)
  4 rats (D:1)
14 creatures vanquished.

Notes
Turn   | Place    | Note
-------+----------+-------------------------------------------
     0 | D:1      | hatsuma the Ogre Hedge Wizard began the quest for the Orb.
     0 | D:1      | Reached XP level 1. HP: 16/16 MP: 5/5
    28 | D:1      | Reached skill level 1 in Fighting
   515 | D:1      | Reached XP level 2. HP: 28/28 MP: 6/6
   584 | D:1      | Reached skill level 1 in Throwing
   689 | D:1      | Slain by a goblin

Illustrated notes

Levels and vault maps discovered:
D:1:      shiori_shiawase, layout_basic, nrook_mini_backslash,
          minmay_split_cup_large

Skill      XL: |  1  2 |
---------------+-------+-----
Fighting       | 2 |  2.0
Throwing       | 1 |  1.0
Maces & Flails | |  0.3
Dodging        | |  1.7
Stealth        | |  1.4
Spellcasting   | |  3.6
Conjurations   | |  0.8
Summonings     | |  0.8
Translocations | |  0.8

Action                   || total
-------------------------++-------
Melee: Dagger            ||    40
       Club              ||    37
Throw: Stone             ||    10
 Cast: Magic Dart        ||     6
 Stab: Sleeping          ||     1
Armor: Robe              ||    44
Dodge: Dodged            ||    59
